 Dungeon Crawl Stone Soup version 0.25-a0-424-g80bd347ae0 (webtiles) character file.

Game seed: 18033200467830815504, levelgen mode: deterministic

10153 kae the Gelid (level 11, 0/60 (61) HPs)
             Began as a Merfolk Ice Elementalist on Jan 22, 2020.
             Was a Priest of Hepliaklqana.
             Slain by a yak (10 damage)
             ... on level 1 of the Lair of Beasts.
             The game lasted 00:23:22 (16756 turns).

kae the Gelid (Merfolk Ice Elementalist)           Turns: 16756, Time: 00:23:22

HP:   0/60 (61)     AC:  7    Str: 10    XL:     11   Next: 57%
MP:   2/22          EV: 13    Int: 17    God:    Hepliaklqana [***...]
Gold: 456           SH:  0    Dex: 14    Spells: 17/25 levels left

rFire    x . .     SeeInvis .   D - +5 demon trident
rCold    + + .     Gourm    .   (no shield)
rNeg     + . .     Faith    .   h - +2 robe {rC+}
rPois    .         Spirit   .   (no helmet)
rElec    .         Reflect  .   u - scarf {cloud immunity}
rCorr    .         Harm     .   (no gloves)
MR       .....                  t - +2 pair of boots
Stlth    ++........             i - amulet of the acrobat
HPRegen  0.20/turn              j - ring of positive energy
MPRegen  0.18/turn              k - ring of ice

@: no status effects
A: change form in water, swift swim, stealthy swim, reduced essence
a: Recall Ancestor, Ancestor Identity, Transference, Renounce Religion


You were on level 1 of the Lair of Beasts.
You worshipped Hepliaklqana.
Hepliaklqana was most pleased with you.
You were not hungry.

You visited 2 branches of the dungeon, and saw 11 of its levels.
You also visited: Ossuary.

You collected 480 gold pieces.
You spent 24 gold pieces at shops.

Inventory:

Hand Weapons
 d - a +1 dagger of speed
 l - a +1 short sword of venom
 p - a +0 halberd
 D - a +5 demon trident (weapon)
Armour
 a - a +0 robe
 h - a +2 robe of cold resistance (worn)
 t - a +2 pair of boots (worn)
 u - a scarf of cloud immunity (worn)
Magical Staves
 C - an uncursed staff of cold {unknown}
Jewellery
 i - an amulet of the acrobat (around neck)
 j - a ring of positive energy (left hand)
 k - a ring of ice (right hand)
 q - an uncursed ring of stealth
 y - an uncursed ring of protection from fire
Wands
 b - a wand of paralysis (7)
 m - a wand of polymorph (8)
 r - a wand of enslavement (8)
 w - a wand of iceblast (5)
Scrolls
 e - 5 scrolls of teleportation
 z - 2 scrolls of remove curse
 B - a scroll of amnesia
Potions
 f - a potion of berserk rage {unknown}
 g - 3 potions of agility
 o - a potion of might
 s - a potion of flight
 v - a potion of curing
 x - a potion of brilliance
 A - a potion of mutation
Comestibles
 c - 18 rations
 n - 5 chunks of flesh


   Skills:
 + Level 11.3 Polearms
 - Level 2.6 Dodging
 - Level 2.1 Stealth
 - Level 7.5 Spellcasting
 - Level 15.0 Ice Magic


You had 17 spell levels left.
You knew the following spells:

 Your Spells              Type           Power        Failure   Level  Hunger
a - Freeze                Ice            ####         1%          1    None
b - Ozocubu's Armour      Chrm/Ice       #####...     1%          3    ##.....
c - Summon Ice Beast      Ice/Summ       #####...     4%          4    ####...

Your spell library contained the following spells:

 Spells                   Type           Power        Failure   Level  Hunger
 Hailstorm                Conj/Ice       #####...     4%          4    ####...
 Magic Dart               Conj           #...         11%         1    None
 Summon Small Mammal      Summ           #...         11%         1    None
 Blink                    Tloc           N/A          17%         2    None
 Call Imp                 Summ           #.......     17%         2    None
 Slow                     Hex            #.......     17%         2    None
 Call Canine Familiar     Summ           #.......     32%         3    ##.....
 Conjure Flame            Conj/Fire      #.......     32%         3    ##.....
 Mephitic Cloud           Conj/Pois/Air  #.......     32%         3    ##.....
 Summon Guardian Golem    Hex/Summ       #.......     32%         3    ##.....
 Summon Lightning Spire   Summ/Air       #.......     73%         4    ####...


Dungeon Overview and Level Annotations

Branches:
Dungeon (10/15)            Temple (0/1) D:4            Lair (1/6) D:9
    Orc (0/2) D:9         Ossuary (visited)

Altars:
Elyvilon
Hepliaklqana
Kikubaaqudgha
Makhleb
Nemelex Xobeh
Sif Muna
Trog
Zin

Shops:
D:10 [:[*

Annotations:
D:7 exclusion: steam dragon
D:9 2 runed translucent doors, Guilu's ghost, novice DsNe


Message History

You feel a surge of power!
You freeze the yak.
The yak is lightly wounded.
The yak gores you but does no damage.
Casting: Freeze (safe; 1% risk of failure)
Confirm with . or Enter, or press ? or * to list all spells.
Aiming: Freeze (safe; 1% risk of failure)
Press: ? - help, Shift-Dir - straight line, f/p - yak
Aim: a yak (lightly wounded)
You feel a surge of power!
You freeze the yak!
The yak is moderately wounded.
The yak closely misses you.
Casting: Freeze (safe; 1% risk of failure)
Confirm with . or Enter, or press ? or * to list all spells.
Aiming: Freeze (safe; 1% risk of failure)
Press: ? - help, Shift-Dir - straight line, f/p - yak
Aim: a yak (moderately wounded)
You feel a surge of power!
You freeze the yak.
The yak is heavily wounded.
The yak gores you!
You die...

##..##.##.. #..## ##
. ##..##
########..#.#
#..........##
##..####.....# # #..
#####...#..#
#...#.^##.##...####..
#.....@Y.....## #
#.#....##.##### #....
### ###.. ##. ##


You could see a yak.

Vanquished Creatures
  Urug (D:10)
  A gargoyle (D:10)
  A kobold demonologist (D:9)
  A hornet (D:10)
  A troll (D:10)
  A hippogriff (D:10)
  A hog (D:10)
  9 yaks
  A hungry ghost (D:10)
  A steam dragon (D:6)
  A human (D:10)
  A water moccasin (D:8)
  Duvessa (D:6)
  3 sky beasts
  2 orc warriors
  A black bear (D:9)
  A necrophage (D:8)
  2 centaurs
  5 ogres
  2 phantoms
  A crocodile (Lair:1)
  2 big kobolds
  10 bullfrogs
  An elf skeleton (D:6)
  Dowan (D:6)
  2 wyvern skeletons
  3 scorpions
  7 killer bees
  2 wights (D:8)
  4 crimson imps
  3 jellies
  4 hounds
  4 orc priests
  A human zombie (Ossuary)
  2 orc wizards
  A centaur zombie (D:9)
  2 centaur skeletons
  Jessica (D:2)
  A human skeleton (D:6)
  2 iguanas
  7 worker ants
  A big kobold zombie (Ossuary)
  A hound zombie (D:6)
  5 gnolls (D:6)
  8 adders
  2 shadow imps
  An adder zombie (Ossuary)
  An adder skeleton (D:4)
  2 worms (D:4)
  4 dart slugs
  2 leopard geckos
  19 orcs
  8 giant cockroaches
  2 gnoll zombies (Ossuary)
  3 hobgoblins
  12 jackals
  2 quokkas
  5 bats
  4 frilled lizards (D:1)
  8 goblins
  4 jackal zombies (Ossuary)
  15 kobolds
  A kobold zombie (Ossuary)
  A leopard gecko skeleton (D:4)
  An orc skeleton (D:6)
  2 orc zombies (Ossuary)
  A quokka skeleton (D:10)
  2 quokka zombies (Ossuary)
  5 rats
  6 rat zombies (Ossuary)
226 creatures vanquished.

Vanquished Creatures (collateral kills)
  A hornet (D:10)
  2 yaks (D:8)
  2 hogs (D:10)
  An orc warrior (D:9)
  A sky beast (D:8)
  A phantom (D:8)
  An ogre (D:5)
  5 bullfrogs
  A water moccasin zombie (D:7)
  4 wights (D:8)
  A bullfrog zombie (D:7)
  A hound (D:8)
  A jelly (D:9)
  A bullfrog skeleton (D:4)
  A human zombie (Ossuary)
  A human skeleton (D:6)
  A worker ant (D:10)
  A big kobold zombie (Ossuary)
  3 mummies (Ossuary)
  2 gnolls (D:6)
  An adder (D:9)
  A shadow imp (D:8)
  2 adder zombies
  4 orcs
  2 gnoll zombies (Ossuary)
  A jackal (D:7)
  A goblin zombie (Ossuary)
  2 hobgoblin zombies (Ossuary)
  A jackal zombie (Ossuary)
  2 kobold zombies (Ossuary)
  An orc skeleton (D:6)
  2 orc zombies
  3 quokka zombies (Ossuary)
55 creatures vanquished.

Vanquished Creatures (others)
  3 hexers
  6 ancestors
  An orc (D:8)
  A plant (Lair:1)
11 creatures vanquished.

Grand Total: 292 creatures vanquished

Notes
Turn   | Place    | Note
-------+----------+-------------------------------------------
     0 | D:1      | kae the Merfolk Ice Elementalist began the quest for the
                  | Orb.
     0 | D:1      | Reached XP level 1. HP: 13/13 MP: 3/3
    75 | D:1      | Reached XP level 2. HP: 13/19 MP: 3/5
   494 | D:1      | Reached skill level 5 in Ice Magic
   627 | D:1      | Reached XP level 3. HP: 21/24 MP: 4/6
  1278 | D:2      | Found a bloodstained altar of Trog.
  1621 | D:2      | Noticed Jessica
  1627 | D:2      | Reached XP level 4. HP: 24/30 MP: 5/8
  1684 | D:2      | Killed Jessica
  2145 | D:3      | Found a faded altar of an unknown god.
  2311 | D:4      | Reached skill level 6 in Ice Magic
  2311 | D:4      | Reached XP level 5. HP: 23/35 MP: 5/9
  2460 | D:4      | Found a sparkling altar of Nemelex Xobeh.
  2461 | D:4      | Found a hazy altar of Hepliaklqana.
  2461 | D:4      | Found a burning altar of Makhleb.
  2463 | D:4      | Found a white marble altar of Elyvilon.
  2829 | D:4      | Became a worshipper of Hepliaklqana the Forgotten
  2921 | D:4      | Found an ancient bone altar of Kikubaaqudgha.
  3087 | D:4      | Found a staircase to the Ecumenical Temple.
  3204 | D:4      | Reached XP level 6. HP: 34/36 MP: 8/11
  3292 | D:5      | Entered Level 5 of the Dungeon
  3462 | D:5      | Reached skill level 7 in Ice Magic
  3739 | D:5      | Noticed a sky beast
  3772 | D:5      | Killed a sky beast
  3881 | D:5      | Reached XP level 7. HP: 38/41 MP: 9/13
  3991 | D:5      | Reached skill level 8 in Ice Magic
  4547 | D:5      | Found a shimmering blue altar of Sif Muna.
  4911 | D:6      | Reached * piety under Hepliaklqana
  4965 | D:6      | Reached skill level 9 in Ice Magic
  4965 | D:6      | Reached XP level 8. HP: 32/46 MP: 11/15
  5131 | D:6      | Reached skill level 5 in Spellcasting
  5212 | D:6      | Found a sand-covered staircase.
  5218 | Ossuary  | Entered an ossuary
  5619 | Ossuary  | Learned a level 3 spell: Ozocubu's Armour
  5624 | Ossuary  | Learned a level 4 spell: Summon Ice Beast
  6784 | D:6      | Reached skill level 10 in Ice Magic
  6975 | D:6      | Noticed Dowan
  6987 | D:6      | Noticed Duvessa
  7006 | D:6      | Killed Duvessa
  7026 | D:6      | Killed Dowan
  7492 | D:7      | Found a glowing silver altar of Zin.
  7557 | D:7      | Reached XP level 9. HP: 24/51 MP: 8/18
  7568 | D:7      | HP: 2/51 [orc wizard/puff of flame (18)]
  7856 | D:6      | Reached skill level 11 in Ice Magic
  9572 | D:8      | Reached ** piety under Hepliaklqana
  9573 | D:8      | Remembered your ancestor Ealdgyð as a hexer
  9584 | D:8      | Reached skill level 12 in Ice Magic
 10610 | D:8      | Reached XP level 10. HP: 34/56 MP: 21/21
 10703 | D:8      | Reached skill level 1 in Polearms
 10983 | D:9      | Found a large runed translucent door.
 10983 | D:9      | Found a large runed translucent door.
 10989 | D:9      | Noticed Guilu's ghost (novice DsNe)
 11028 | D:9      | Reached skill level 13 in Ice Magic
 11032 | D:9      | Noticed a kobold demonologist
 11039 | D:9      | Noticed an orange demon
 11075 | D:9      | Killed a kobold demonologist
 11233 | D:9      | Paralysed by an orc warrior for 3 turns
 11239 | D:8      | HP: 2/56 [bullfrog (7)]
 12840 | D:8      | Reached skill level 5 in Polearms
 13266 | D:9      | Found a staircase to the Lair.
 13857 | D:9      | Reached skill level 14 in Ice Magic
 14004 | D:9      | Found a staircase to the Orcish Mines.
 14274 | D:10     | Entered Level 10 of the Dungeon
 14275 | D:10     | Found Coloubb's Antique Armour Shoppe.
 14281 | D:10     | Found Osoclub's Book Emporium.
 14467 | D:10     | Paralysed by a hornet for 1 turns
 14474 | D:10     | Reached XP level 11. HP: 33/60 MP: 17/22
 14600 | D:10     | Found Helap's Antique Armour Shoppe.
 14643 | D:10     | Noticed Urug
 15071 | D:10     | Reached *** piety under Hepliaklqana
 15382 | D:10     | Found Folikk's General Store.
 15385 | D:10     | Bought a scroll of identify for 24 gold pieces
 15544 | D:10     | Killed Urug
 15743 | D:10     | Reached skill level 15 in Ice Magic
 16259 | D:10     | Paralysed by a hornet for 1 turns
 16262 | D:10     | Reached skill level 10 in Polearms
 16662 | Lair:1   | Entered Level 1 of the Lair of Beasts
 16756 | Lair:1   | Slain by a yak

Levels and vault maps discovered:
D:1:      minmay_arrival_shoal_huts, layout_basic
D:2:      layout_loops_ring, nicolae_overflow_crystal_walls, uniq_jessica
D:3:      layout_rooms, chequers_ecumenical_altar_simple, first_ration
D:4:      kennysheep_big_flooded_room, layout_basic, grunt_temple_overflow_open,
          lemuel_coloured_pillars_altar, minmay_temple_entry_wispy
D:5:      layout_loops_cross, lemuel_round_altar
D:6:      layout_basic, nicolae_ossuary_entry_catacombs, uniq_duvessa
D:7:      layout_basic, marbit_many_paths, lemuel_round_altar
D:8:      layout_loops_cross
D:9:      layout_rooms, lair_entry_dummy, orc_0_dummy,
          ebering_ghost_disaster_area
D:10:     minmay_s_stair_smasher, layout_basic, serial_shops,
          nicolae_shop_statue_plus, nicolae_shop_trees,
          nicolae_shop_behind_doors, shop, grunt_livestock,
          chequers_serial_rivers_micro_e, roderic_lattice_a, uniq_urug
Lair:1:   minmay_guarded_unrand_snakebite, layout_layer_cave, uniq_joseph

Skill      XL: |  1  2  3  4  5  6  7  8  9 10 11 |
---------------+----------------------------------+-----
Ice Magic      | 5 6 7 9 10 12 14 15 | 15.0
Spellcasting   | 3 4 6 7 |  7.5
Polearms       | 7 11 | 11.3
Dodging        | |  2.6
Stealth        | |  2.1

Action                   |  1- 3 |  4- 6 |  7- 9 | 10-12 || total
-------------------------+-------+-------+-------+-------++-------
Melee: Dagger            |    22 |       |       |       ||    22
       Unarmed           |     3 |       |       |       ||     3
       Tailslap          |     5 |       |       |       ||     5
       Short sword       |    47 |    50 |   362 |       ||   459
       Halberd           |       |       |       |   147 ||   147
       Demon trident     |       |       |       |    59 ||    59
 Cast: Freeze            |    30 |    44 |   140 |   187 ||   401
       Ozocubu's Armour  |       |       |     2 |     3 ||     5
Invok: Ancestor Life: He |       |       |     1 |       ||     1
       Recall Ancestor   |       |       |       |     2 ||     2
       Ancestor Identity |       |       |       |     1 ||     1
  Use: Scroll            |       |    10 |     7 |     9 ||    26
       Potion            |       |     1 |     7 |     6 ||    14
 Stab: Sleeping          |     4 |     1 |     7 |     6 ||    18
       Distracted        |       |       |     5 |     2 ||     7
       Confused          |       |       |     1 |     2 ||     3
  Eat: Chunk             |     2 |     8 |     9 |    14 ||    33
       Ration            |       |       |     3 |     2 ||     5
Armor: Robe              |     8 |    22 |    90 |    56 ||   176
       Skin              |       |       |    37 |       ||    37
Dodge: Dodged            |    52 |    49 |   264 |   253 ||   618

Table legend:
 A = Non-vault XP
 B = Vault XP
 C = Vault XP percentage of total XP
 D = Non-vault monster count
 E = Vault monster count
 F = Vault count percentage of total count
                 A         B        C        D         E       F
            +---------+---------+-------+---------+---------+-------
      Total |   10682 |    3823 |  26.4 |     216 |      66 |  23.4
            +---------+---------+-------+---------+---------+-------
        D:1 |      46 |       0 |   0.0 |      27 |       0 |   0.0
        D:2 |      47 |      37 |  44.0 |      19 |       1 |   5.0
        D:3 |      11 |       0 |   0.0 |       5 |       0 |   0.0
        D:4 |     202 |      13 |   6.0 |       9 |       1 |  10.0
        D:5 |     730 |       0 |   0.0 |      17 |       0 |   0.0
        D:6 |     661 |     391 |  37.2 |      24 |       8 |  25.0
        D:7 |     901 |       0 |   0.0 |      21 |       0 |   0.0
        D:8 |    3245 |       0 |   0.0 |      35 |       0 |   0.0
        D:9 |    1992 |     136 |   6.4 |      39 |       2 |   4.9
       D:10 |    1814 |    3013 |  62.4 |      14 |      16 |  53.3
     Lair:1 |    1033 |       0 |   0.0 |       6 |       0 |   0.0
    Ossuary |       0 |     233 | 100.0 |       0 |      38 | 100.0
            +---------+---------+-------+---------+---------+-------
